Match 39121675
Unlisted

Match 39121675
End
Selects Italian Combined Arms Battlegroup
Selects Bersaglieri Squad
Bersaglieri Squad
250 Light Carrier
Construct Light Support Kompanie
Assault Grenadier Squad
Combat Half-tracks
Construct Mechanized Kompanie
Selects Vehicle Support - Secure Location
8 Rad Armored Car
Panzerpioneer Squad
Marder III Tank Destroyer
MG34 Team
Support Armor Elements
18-tonne Recovery Half-track
2.5-tonne Medical Truck
Selects Vehicle Support - Force Recon
Selects Semovente da 75/18 Assault Gun
StuG III D Assault Gun
Rapid Advance
Flakvierling Half-track
254 Reconnaissance Tractor
Assault Mechanized Group
Vehicle Survival Package
Emergency Repair Kits
DebaKLe
Valieriumborn
A Sassy Badger
Computer - Hard
Asa
Farsurem
Some_Devil
2PeriodBlood7
0
0

Comments sign in to comment!

No comments posted yet!